 Dungeon Crawl Stone Soup version 0.17.1-3-g152610e (webtiles) character file.

222 Nekros the Magician (level 5, 0/28 HPs)
             Began as a Deep Elf Wizard on Apr 26, 2016.
             Killed by nerve-wracking pain
             ... invoked by an orc priest
              (6 damage)
             ... on level 3 of the Dungeon.
             The game lasted 00:31:03 (2430 turns).

Nekros the Magician (Deep Elf Wizard)               Turns: 2430, Time: 00:31:03

Health: 0/28       AC:  4    Str:  4    XL:     5   Next: 66%
Magic:  0/16       EV: 13    Int: 24    God:
Gold:   57         SH:  0    Dex: 15    Spells: 4 memorised, 10 levels left

rFire  + + .     SeeInvis .     m - +1 dagger
rCold  . . .     Clarity  +     r - +0 robe
rNeg   . . .     SustAt   .     (no shield)
rPois  .         Gourm    .     b - +0 hat
rElec  .         Spirit   .     (no cloak)
rCorr  .         Warding  .     k - +0 pair of gloves
rMut   .         Stasis   .     g - +0 pair of boots
MR     .....                    (no amulet)
Stlth  ++........               (no ring)
                                i - +2 ring of dexterity

@: very slightly contaminated, not resistant to hostile enchantments, unstealthy
A: clarity, fire resistance 2, MP-powered wands
a: no special abilities


You were on level 3 of the Dungeon.
You were not hungry.

You visited 1 branch of the dungeon, and saw 3 of its levels.

You collected 57 gold pieces.

Inventory:

Hand Weapons
 l - a +0 dagger
 m - a +1 dagger (weapon)
Armour
 b - a +0 hat (worn)
 g - a +0 pair of boots (worn)
 k - a +0 pair of gloves (worn)
 r - a +0 robe (worn)
Jewellery
 i - a +2 ring of dexterity (left hand)
Wands
 h - a wand of hasting (5)
Scrolls
 e - 2 scrolls of identify
Books
 c - a book of Minor Magic

   Spells                             Type                      Level
   a - Magic Dart                     Conjuration                  1
   b - Blink                          Translocation                2
   c - Call Imp                       Summoning                    2
   d - Repel Missiles                 Charms/Air                   2
   e - Slow                           Hexes                        2
   f - Conjure Flame                  Conjuration/Fire             3
   g - Mephitic Cloud                 Conjuration/Poison/Air       3
Comestibles
 a - a beef jerky
 d - a bread ration


   Skills:
 + Level 2.8 Dodging
 - Level 3.4 Stealth
 - Level 7.3 Spellcasting
 - Level 3.0 Conjurations
 - Level 1.1 Summonings
 - Level 1.1 Translocations


You had 10 spell levels left.
You knew the following spells:

 Your Spells              Type           Power        Failure   Level  Hunger
a - Magic Dart            Conj           ###.         1%          1    None
b - Blink                 Tloc           N/A          10%         2    None
c - Call Imp              Summ           ##......     10%         2    None
d - Mephitic Cloud        Conj/Pois/Air  ##......     17%         3    None


Dungeon Overview and Level Annotations

Branches:
Dungeon (3/15)

Altars:
Elyvilon
Zin


Innate Abilities, Weirdness & Mutations

You possess an exceptional clarity of mind.
Your flesh is very heat resistant.
You expend magic power (3 MP) to strengthen your wands.


Message History

You miscast Mephitic Cloud.
You are very lightly contaminated with residual magic.
You feel faint for a moment.
The orc priest looks braver for a moment.
Your white imp closely misses the orc priest.
The orc priest invokes the aid of Beogh against you.
You struggle to resist.
Your crimson imp blinks!
The orc priest hits you with a club.
* * * LOW HITPOINT WARNING * * *
Casting: Mephitic Cloud
Confirm with . or Enter, or press ? or * to list all spells.
Aiming: Magic Dart
Press: ? - help, Shift-Dir - straight line, f/p - orc priest
Aim: an orc priest, wielding a club and wearing a scale mail (heavily wounded)
The magic dart hits the orc priest.
The orc priest is heavily wounded.
The orc priest mumbles some strange prayers to Beogh against you.
Pain shoots through your body!
You die...

.o.....<)##.#####5#
..###...(..()..##.#
#.####.......ยง#
#.. #.###.#### ...
...# #.# .##. ###.#
#5# . # #.# #.#
#.###o# #g#.@.#
#.### #.# #.# #.#
..# ###


You could see an orc priest and a friendly crimson imp.

Vanquished Creatures
  Jessica (D:2)
  2 adders
  A giant gecko (D:2)
  An orc (D:3)
  6 giant cockroaches
  4 hobgoblins
  A kobold (D:1)
  A quokka (D:2)
  4 bats (D:2)
  7 giant newts
  4 goblins
  5 rats
37 creatures vanquished.

Vanquished Creatures (collateral kills)
  Sigmund (D:2)
  Ijyb (D:2)
  4 adders (D:2)
  A worm (D:2)
  2 orcs (D:3)
  2 bats
  3 goblins (D:2)
  A giant cockroach (D:2)
  A rat (D:2)
16 creatures vanquished.

Grand Total: 53 creatures vanquished

Notes
Turn   | Place    | Note
--------------------------------------------------------------
     0 | D:1      | Nekros the Deep Elf Wizard began the quest for the Orb.
     0 | D:1      | Reached XP level 1. HP: 10/10 MP: 7/7
   193 | D:1      | Reached skill level 5 in Spellcasting
   303 | D:1      | Reached XP level 2. HP: 15/15 MP: 8/10
   360 | D:1      | Learned a level 2 spell: Blink
   363 | D:1      | Learned a level 2 spell: Call Imp
   768 | D:1      | Gained mutation: You expend magic power (3 MP) to strengthen your wands. [potion of mutation]
   768 | D:1      | Gained mutation: You possess an exceptional clarity of mind. [potion of mutation]
   769 | D:1      | Gained mutation: Your flesh is heat resistant. [potion of mutation]
   769 | D:1      | Gained mutation: Your flesh is very heat resistant. [potion of mutation]
   873 | D:2      | Noticed Ijyb
   893 | D:2      | Killed Ijyb
   893 | D:2      | Reached XP level 3. HP: 15/19 MP: 2/11
  1062 | D:2      | Learned a level 3 spell: Mephitic Cloud
  1092 | D:2      | Noticed Jessica
  1194 | D:2      | Killed Jessica
  1393 | D:2      | Found a white marble altar of Elyvilon.
  1410 | D:2      | Reached XP level 4. HP: 24/24 MP: 5/13
  1449 | D:2      | Found a glowing silver altar of Zin.
  1977 | D:2      | Noticed Sigmund
  2001 | D:2      | Killed Sigmund
  2001 | D:2      | Reached skill level 7 in Spellcasting
  2001 | D:2      | Reached XP level 5. HP: 28/28 MP: 2/16
  2430 | D:3      | Killed from afar by an orc priest

Action                   |  1- 3 |  4- 6 || total
-------------------------+-------+-------++-------
Melee: Unarmed           |    14 |     3 ||    17
       Dagger            |       |     2 ||     2
 Cast: Magic Dart        |    50 |    37 ||    87
       Call Imp          |    13 |    18 ||    31
       Mephitic Cloud    |     1 |     1 ||     2
       Blink             |     1 |     2 ||     3
Evoke: Wand              |     1 |       ||     1
  Use: Scroll            |     4 |     4 ||     8
       Potion            |     2 |     1 ||     3
  Eat: Bread ration      |     1 |       ||     1
